AoeStats
← Kylig

Black Forest

507566871Analyzed
3v3 RM · 14d ago on Sep 18, 2026· 66m 8s· 6 players
Game mode
Random Map
Map size
Normal (6 player)
Population
200
Speed
Normal
Resources
Standard
Victory
Conquest
Starting age
Dark Age
Ending age
Imperial Age
RankedLock teamsTeams togetherTeam positionsShared explorationLock speedFull tech treeHidden civsTurbo modeCheats
Victory
Defeat
🇨🇭 Lithuanians · Switzerland
830
+12
🇸🇪 Franks · Sweden
767
+15
🇨🇱 Romans · Chile
719
+17
🇦🇷 Cumans · Argentina
767
-16
🇦🇷 Poles · Argentina
729
-14
🇦🇷 Ethiopians · Argentina
720
-14
CHILEPALESTA
0:48 Loom
16:02 Feudal Age
17:12 Double-Bit Axe
17:09 Horse Collar
19:20 Wheelbarrow
29:18 Fletching
31:39 Fishing Lines
35:37 Stone Mining
38:46 Castle Age
36:13 Man-at-Arms
37:04 Scale Mail Armor
37:15 Forging
40:00 Hand Cart
39:49 Heavy Plow
40:02 Bow Saw
39:56 Squires
39:28 Pikeman
40:34 Long Swordsman
46:57 Ballistics
48:26 Masonry
48:13 Guard Tower
52:29 Bloodlines
55:16 Imperial Age
53:45 Fortified Wall
53:33 Murder Holes
55:28 Town Watch
55:48 Legionary
56:34 Husbandry
58:43 Conscription
59:04 Architecture
59:36 Chemistry
60:06 Ballistas
66:10 Caravan
Kylig
2:31 Loom
11:26 Feudal Age
15:44 Man-at-Arms
21:34 Castle Age
21:09 Fletching
21:23 Scale Mail Armor
21:34 Forging
21:52 Double-Bit Axe
22:33 Gold Mining
23:43 Wheelbarrow
24:13 Husbandry
24:45 Forging
26:16 Hand Cart
27:05 Squires
28:17 Scale Barding Armor
28:15 Padded Archer Armor
27:38 Elite Skirmisher
31:35 Gold Shaft Mining
30:52 Stone Mining
31:18 Bow Saw
32:11 Ballistics
37:17 Imperial Age
36:27 Iron Casting
36:51 Pikeman
37:22 Gambesons
37:51 Cavalier
39:44 Caravan
42:21 Paladin
44:54 Leather Archer Armor
45:01 Chain Barding Armor
45:28 Halberdier
47:34 Arson
49:00 Blast Furnace
50:36 Plate Barding Armor
49:57 Bodkin Arrow
50:18 Chain Mail Armor
51:42 Chemistry
50:54 Masonry
54:18 Conscription
54:35 Hoardings
54:14 Chivalry
54:14 Long Swordsman
55:37 Two-Handed Swordsman
55:44 Light Cavalry
57:00 Plate Mail Armor
56:34 Murder Holes
62:19 #83
61:20 Elite Throwing Axeman
61:26 Champion
61:34 Heavy Cavalry Archer
pigmeroid
0:27 Loom
12:28 Feudal Age
12:53 Horse Collar
13:08 Double-Bit Axe
19:51 Wheelbarrow
20:14 Man-at-Arms
21:24 Scale Mail Armor
25:50 Bloodlines
26:12 Forging
26:11 Scale Barding Armor
27:40 Padded Archer Armor
28:08 Town Watch
30:04 Fletching
32:27 Castle Age
34:36 Light Cavalry
35:18 Husbandry
34:40 Long Swordsman
34:44 Elite Skirmisher
37:00 Heavy Plow
37:24 Chain Barding Armor
42:21 Town Patrol
41:59 Pikeman
46:26 Hand Cart
47:40 Bow Saw
47:43 Squires
51:15 Imperial Age
49:22 Thumb Ring
50:42 Iron Casting
50:51 Ballistics
50:27 Murder Holes
52:45 Conscription
53:07 Plate Barding Armor
53:36 Chemistry
53:19 Tower Shields
53:59 Tower Shields
56:38 Halberdier
62:43 Elite Leitis
LionelTupac
5:59 Loom
11:39 Feudal Age
13:59 Forging
13:50 Scale Mail Armor
18:57 Scale Barding Armor
18:45 Horse Collar
20:48 Bloodlines
23:50 Man-at-Arms
32:56 Castle Age
31:46 Wheelbarrow
33:01 Town Watch
34:06 Town Patrol
34:22 Hand Cart
34:26 Double-Bit Axe
35:41 Bow Saw
35:33 Heavy Plow
37:58 Gold Mining
37:58 Stone Mining
42:11 Murder Holes
44:44 Gold Shaft Mining
47:05 Masonry
47:50 Coinage
48:10 Light Cavalry
50:02 Caravan
51:05 Ballistics
53:42 Pikeman
54:22 Squires
53:43 Long Swordsman
54:09 Arson
57:52 Imperial Age
57:19 Chain Barding Armor
57:15 Chain Mail Armor
57:36 Iron Casting
56:51 Fletching
57:02 Padded Archer Armor
58:03 Halberdier
58:09 Two-Handed Swordsman
58:13 Cavalier
58:31 Elite Steppe Lancer
59:26 Champion
60:23 Paladin
60:24 Hussar
63:24 Plate Barding Armor
63:20 Plate Mail Armor
62:46 Bodkin Arrow
63:52 Blast Furnace
63:07 Leather Archer Armor
samonsuarez
6:23 Loom
11:00 Feudal Age
16:03 Scale Barding Armor
16:10 Forging
18:38 Castle Age
19:41 Double-Bit Axe
19:42 Horse Collar
21:38 Bloodlines
24:42 Husbandry
25:24 Stone Mining
25:30 Gold Mining
25:38 Fletching
30:56 Wheelbarrow
33:11 Caravan
34:29 Szlachta Privileges
35:44 Bow Saw
39:18 Ballistics
38:40 Treadmill Crane
42:06 Scale Mail Armor
42:42 Iron Casting
42:29 Chain Barding Armor
42:05 Bodkin Arrow
43:18 Heavy Plow
43:07 Town Watch
46:47 Fortified Wall
46:48 Masonry
53:07 Stone Shaft Mining
53:17 Hand Cart
58:01 Imperial Age
55:52 Chain Mail Armor
55:42 Murder Holes
56:38 Herbal Medicine
59:36 Onager
61:36 Cavalier
62:31 Thumb Ring
64:30 Lechitic Legacy
66:38 Conscription
andres.gonzgonz
10:27 Loom
12:30 Feudal Age
15:30 Fletching
15:41 Padded Archer Armor
23:32 Wheelbarrow
27:46 Castle Age
28:34 Bodkin Arrow
28:55 Leather Archer Armor
30:36 Crossbowman
31:22 Thumb Ring
33:02 Forging
32:53 Scale Mail Armor
33:00 Gold Mining
33:01 Stone Mining
34:23 Husbandry
36:16 Royal Heirs
39:35 Double-Bit Axe
41:53 Hand Cart
42:54 Iron Casting
42:35 Chain Mail Armor
42:26 Scale Barding Armor
48:20 Imperial Age
48:31 Heavy Camel Rider
48:39 Elite Shotel Warrior
49:42 Conscription
49:28 Bracer
49:59 Ring Archer Armor
51:23 Torsion Engines
53:39 Halberdier
54:20 Squires
54:06 Arson
Connection lost

Rejoining the realm…

Still unreachable

The connection could not be restored.

Session expired

The server has moved on; the page needs a fresh start.